 Dungeon Crawl Stone Soup version 0.31-a0-196-g86fe4a5e66 (webtiles) character file.

Game seed: 17419327861744968686

7004 qw the Markself (level 10, -1/56 HPs)
             Began as a Deep Elf Hunter on June 24, 2023.
             Was an Elder of Okawaru.
             Slain by a blink frog (9 damage)
             ... on level 1 of the Lair of Beasts.
             The game lasted 00:02:46 (7891 turns).

qw the Markself (Deep Elf Hunter)                   Turns: 7891, Time: 00:02:47

Health: -1/56      AC: 13    Str: 12    XL:     10   Next: 82%
Magic:  17/17      EV: 16    Int: 15    God:    Okawaru [****..]
Gold:   253        SH:  0    Dex: 18    Spells: 9/9 levels left

rFire   . . .        Y - +2 arbalest (freeze)
rCold   . . .        (shield currently unavailable)
rNeg    . . .        p - +1 ring mail {rPois}
rPois   +            n - +2 helmet
rElec   .            i - +1 cloak
rCorr   .            (no gloves)
SInv    .            (no boots)
Will    +....        k - amulet of faith
Stlth   +++          (no ring)
HPRegen 0.29/turn    (no ring)
MPRegen 0.15/turn

%: faith
@: heroic
A: no striking features
a: Renounce Religion, Heroism, Finesse


You were on level 1 of the Lair of Beasts.
You worshipped Okawaru.
Okawaru was greatly pleased with you.
You visited 3 branches of the dungeon, and saw 11 of its levels.

You collected 409 gold pieces.
You spent 156 gold pieces at shops.


   Skills:
 - Level 4.0(9.0) Fighting
 + Level 17.7(22.7) Ranged Weapons
 - Level 2.1(7.1) Armour
 - Level 6.0(11.0) Dodging
 - Level 1.2(6.2) Stealth
 + Level 7.4 Invocations


You had 9 spell levels left.
You didn't know any spells.
Your spell library was empty.

Inventory:

Hand Weapons
 Y - a +2 arbalest of freezing (weapon)
Armour
 b - a +1 ring mail of cold resistance
 i - a +1 cloak (worn)
 n - a +2 helmet (worn)
 p - a +1 ring mail of poison resistance (worn)
Jewellery
 d - the amulet of Lol Pinud {rF- rN+++ Regen+ Str+6 Slay+2}
   (You took it off a goblin on level 3 of the Dungeon)

   [amulet of regeneration]

   Str:       It affects your strength (+6).
   Slay:      It affects your accuracy & damage with ranged weapons and melee
   (+2).
   rF:        It makes you vulnerable to fire.
   rN:        It renders you almost immune to negative energy.
   Regen:     It increases your rate of health regeneration.
 k - an amulet of faith (around neck)
 l - a ring of ice
Scrolls
 c - 4 scrolls of identify
 m - 4 scrolls of teleportation
Potions
 a - a potion of haste
 e - a potion of might
 f - 2 potions of curing
 g - a potion of resistance
 h - a potion of heal wounds
 j - a potion of mutation

Dungeon Overview and Level Annotations

Branches:
Dungeon (9/15)             Temple (1/1) D:4            Lair (1/5) D:9
    Orc (0/2) D:9

Altars:
Ashenzari
Cheibriados
Dithmenos
Elyvilon
Fedhas
Gozag
Hepliaklqana
Kikubaaqudgha
Makhleb
Nemelex Xobeh
Okawaru
Qazlal
Ru
Sif Muna
Trog
Uskayaw
Vehumet
Wu Jian
Xom
Zin
The Shining One

Shops:
D:4 (   D:6 ?


Message History

You shoot a bolt. The bolt barely misses the basilisk.
The blink frog croaks.
The blink frog blinks!
A blink frog comes into view. x2
You shoot a bolt. The bolt barely misses the blink frog.
The blink frog croaks. x2
You shoot a bolt. The bolt hits the blink frog.
The bolt freezes the blink frog.
The blink frog is lightly wounded.
The blink frog hits you.
The blink frog blinks!
The blink frog barely misses you.
You shoot a bolt. The bolt closely misses the blink frog.
The basilisk is no longer moving slowly.
The blink frog hits you but does no damage.
You shoot a bolt. The bolt hits the blink frog!
The bolt freezes the blink frog.
The blink frog is heavily wounded.
The blink frog barely misses you. The blink frog hits you.
The blink frog misses you. The blink frog closely misses you.
You shoot a bolt. The bolt barely misses the blink frog.
The bolt hits the basilisk!!
The basilisk seems to slow down.
The bolt freezes the basilisk.
The basilisk is almost dead.
The blink frog misses you. The blink frog hits you!
The blink frog blinks!
You shoot a bolt. The bolt hits the basilisk.
The bolt freezes the basilisk.
You kill the basilisk!
Okawaru accepts your kill. The blink frog hits you! The blink frog misses you.
The blink frog blinks!
You shoot a bolt. The bolt misses the blink frog.
The bolt hits the blink frog!!
The blink frog seems to slow down.
The bolt freezes the blink frog!
You kill the blink frog!
Okawaru accepts your kill.
The blink frog hits you but does no damage.
The blink frog hits you!
The blink frog blinks!
You shoot a bolt. The bolt misses the blink frog.
The blink frog blinks! x2; The blink frog hits you.
You shoot a bolt. The bolt hits the blink frog!
The bolt freezes the blink frog.
The blink frog is moderately wounded.
The blink frog blinks!
The blink frog misses you.
You shoot a bolt. The bolt barely misses the blink frog.
The blink frog hits you! x2
You die...

#.. .. ## #. ###.####
#.### ##......#.. #...##
#.....$.... #....###
##..@..F....
#####.....###....F......
#...../.....#.....¤.....
..)....#....¤...%.......
#####.###...............
#.# ####............
##.# .............
##..## #.............
#....## ##.%.........


You could see 2 blink frogs.

Vanquished Creatures
  2 two-headed ogres (D:8)
  Pikel (D:7)
  A cane toad (Lair:1)
  2 hornets (D:9)
  A blink frog (Lair:1)
  10 yaks
  A basilisk (Lair:1)
  A wyvern (D:9)
  2 water moccasins
  A black bear (D:4)
  A sky beast (D:6)
  2 orc warriors
  2 centaurs
  2 gnoll sergeants (D:8)
  5 bullfrogs
  A scorpion (D:4)
  14 wights
  An electric eel (D:7)
  A jelly (D:7)
  2 gnoll boudas
  2 hounds
  4 orc priests
  An iguana (D:4)
  4 orc wizards
  12 gnolls
  13 adders
  A shadow imp (D:7)
  2 white imps
  An ufetubus (D:6)
  2 worms (D:2)
  10 dart slugs
  22 orcs
  4 bats
  9 endoplasms
  3 giant cockroaches
  10 goblins
  7 hobgoblins
  10 jackals
  13 kobolds
  A quokka (D:1)
  7 ball pythons
  A frilled lizard (D:2)
  4 rats
196 creatures vanquished.

Vanquished Creatures (others)
  A gnoll (D:7)
1 creature vanquished.

Grand Total: 197 creatures vanquished

Notes
Turn   | Place    | Note
-------+----------+-------------------------------------------
     0 | D:1      | qw the Deep Elf Hunter began the quest for the Orb.
     0 | D:1      | Reached XP level 1. HP: 12/12 MP: 3/3
     0 | D:1      | 0 ||| qw: Version: 0.3-a-9-g12657ce
     0 | D:1      | 0 ||| qw: Game counter: 4854
     0 | D:1      | 0 ||| qw: Always use a shield: true
     0 | D:1      | 0 ||| qw: God list: Okawaru
     0 | D:1      | 0 ||| qw: Allow faded altars: false
     0 | D:1      | 0 ||| qw: Do Orc after D:15 true
     0 | D:1      | 0 ||| qw: Do second Lair branch before Depths: true
     0 | D:1      | 0 ||| qw: Lair rune preference: random
     0 | D:1      | 0 ||| qw: Plans: Normal
     0 | D:1      | 0 ||| PLANNING D:1-11
   172 | D:1      | Reached skill level 6 in Ranged Weapons
   172 | D:1      | Reached XP level 2. HP: 16/16 MP: 4/4
   178 | D:1      | 178 ||| Stepping ~*~*~tactically~*~*~ (outnumbered).
   181 | D:1      | 181 ||| Stepping ~*~*~tactically~*~*~ (outnumbered).
   183 | D:1      | 183 ||| Stepping ~*~*~tactically~*~*~ (outnumbered).
   426 | D:1      | 426 ||| UPGRADING to +0 ring mail.
   436 | D:1      | 436 ||| DROPPING +0 leather armour.
   437 | D:1      | 437 ||| READING scroll labelled YMMOWK FOTYMA.
   437 | D:1      | Identified a scroll of acquirement
   437 | D:1      | 437 ||| ACQUIRING +0 arbalest of freezing
   437 | D:1      | Acquired a +0 arbalest of freezing
   439 | D:1      | 439 ||| SWAPPING to +0 arbalest of freezing.
   440 | D:1      | 440 ||| DROPPING +0 shortbow.
   441 | D:1      | 441 ||| DROPPING scroll of butterflies.
   489 | D:2      | Reached XP level 3. HP: 20/20 MP: 5/5
   658 | D:2      | 658 ||| FLEEEEING.
   659 | D:2      | 659 ||| FLEEEEING.
   660 | D:2      | 660 ||| FLEEEEING.
   661 | D:2      | 661 ||| FLEEEEING.
   662 | D:2      | 662 ||| FLEEEEING.
   851 | D:2      | Reached skill level 7 in Ranged Weapons
   923 | D:2      | Found a burning altar of Makhleb.
  1047 | D:2      | 1047 ||| UPGRADING to +1 ring mail of cold resistance.
  1057 | D:2      | 1057 ||| DROPPING +0 ring mail.
  1058 | D:2      | 1058 ||| READING scroll labelled PICWOHOTEE.
  1229 | D:3      | Identified the amulet of Lol Pinud {rF- rN+++ Regen+ Str+6
                  | Slay+2}
  1367 | D:3      | Reached XP level 4. HP: 25/25 MP: 6/6
  1865 | D:3      | 1865 ||| UPGRADING to +1 cloak.
  1870 | D:3      | 1870 ||| UPGRADING to amulet of Lol Pinud {rF- rN+++ Regen+
                  | Str+6 Slay+2}.
  1875 | D:3      | 1875 ||| READING scroll labelled NAM NINGAEWO.
  1876 | D:3      | 1876 ||| READING scroll labelled JUEFAE XODOUBE.
  1877 | D:3      | 1877 ||| DRINKING 2 inky potions.
  1917 | D:4      | Found a staircase to the Ecumenical Temple.
  1919 | D:4      | 1919 ||| PLANNING TEMPLE
  1919 | D:4      | 1919 ||| DRINKING 3 lumpy white potions.
  1924 | D:4      | Reached skill level 8 in Ranged Weapons
  1928 | Temple   | Entered the Ecumenical Temple
  1928 | Temple   | Found a transporter.
  1928 | Temple   | Found a transporter.
  1930 | Temple   | Found a transporter.
  1930 | Temple   | Found a transporter.
  1940 | Temple   | 1940 ||| PLANNING D:1-11
  1943 | Temple   | 1943 ||| PLANNING OKAWARU WORSHIP
  1947 | Temple   | Became a worshipper of Warmaster Okawaru
  1948 | Temple   | 1948 ||| PLANNING D:1-11
  2140 | D:4      | Noticed a scorpion
  2141 | D:4      | Killed a scorpion
  2142 | D:4      | Reached XP level 5. HP: 29/29 MP: 7/7
  2167 | D:4      | Reached skill level 9 in Ranged Weapons
  2305 | D:4      | Found Uquen's Weapon Shop.
  2319 | D:4      | 2319 ||| SHOPLISTING +3 orcbow of Vikiupsa {flame, rC+
                  | Int+2} (434 gold, have 121).
  2338 | D:4      | Found a glowing silver altar of Zin.
  2447 | D:4      | Noticed a black bear
  2452 | D:4      | Killed a black bear
  2452 | D:4      | Reached * piety under Okawaru
  2453 | D:4      | Reached XP level 6. HP: 35/35 MP: 8/8
  2516 | D:4      | 2516 ||| READING scroll labelled OXOSTA KIQ FEO.
  2517 | D:4      | 2517 ||| DRINKING 3 clear potions.
  2546 | D:5      | Entered Level 5 of the Dungeon
  2654 | D:5      | Reached skill level 1 in Invocations
  2669 | D:5      | 2669 ||| INVOKING Heroism.
  2673 | D:5      | Reached XP level 7. HP: 40/40 MP: 7/10
  2842 | D:5      | Reached skill level 10 in Ranged Weapons
  2842 | D:5      | Reached skill level 3 in Invocations
  2850 | D:5      | Reached ** piety under Okawaru
  3127 | D:5      | 3127 ||| READING 3 scrolls labelled IRAZXITEOQOWK.
  3128 | D:5      | 3128 ||| READING 2 scrolls of identify.
  3128 | D:5      | 3128 ||| IDENTIFYING coppery potion
  3250 | D:6      | 3250 ||| INVOKING Heroism.
  3586 | D:6      | Found Votevaa's Magic Scroll Shoppe.
  3589 | D:6      | 3589 ||| BUYING scroll of identify (24 gold).
  3589 | D:6      | Bought a scroll of identify for 24 gold pieces
  3589 | D:6      | 3589 ||| BUYING scroll of identify (24 gold).
  3589 | D:6      | Bought a scroll of identify for 24 gold pieces
  3589 | D:6      | 3589 ||| BUYING scroll of teleportation (36 gold).
  3589 | D:6      | Bought a scroll of teleportation for 36 gold pieces
  3589 | D:6      | 3589 ||| BUYING scroll of teleportation (36 gold).
  3589 | D:6      | Bought a scroll of teleportation for 36 gold pieces
  3589 | D:6      | 3589 ||| BUYING scroll of teleportation (36 gold).
  3589 | D:6      | Bought a scroll of teleportation for 36 gold pieces
  3748 | D:6      | 3748 ||| UPGRADING to +0 helmet.
  3753 | D:6      | 3753 ||| UPGRADING to +1 helmet.
  3763 | D:6      | 3763 ||| DROPPING +0 helmet.
  3764 | D:6      | 3764 ||| UPGRADING to amulet of faith.
  3774 | D:6      | 3774 ||| READING 2 scrolls labelled SIFUBRUAFE.
  3775 | D:6      | 3775 ||| READING scroll of enchant weapon.
  3775 | D:6      | 3775 ||| ENCHANTING +1 arbalest of freezing.
  3776 | D:6      | 3776 ||| READING 4 scrolls of identify.
  3776 | D:6      | 3776 ||| IDENTIFYING lumpy amethyst potion
  3837 | D:7      | 3837 ||| INVOKING Heroism.
  3857 | D:7      | Reached skill level 1 in Armour
  3896 | D:7      | Identified the orb of Toag {guile, +Inv rPois}
  3907 | D:7      | Reached skill level 11 in Ranged Weapons
  3907 | D:7      | Reached XP level 8. HP: 44/44 MP: 13/13
  4039 | D:7      | 4039 ||| Stepping ~*~*~tactically~*~*~ (outnumbered).
  4124 | D:7      | 4124 ||| INVOKING Heroism.
  4131 | D:7      | 4131 ||| Stepping ~*~*~tactically~*~*~ (outnumbered).
  4131 | D:7      | HP: 8/44 [centaur/arrow (5)]
  4132 | D:7      | 4132 ||| READING 6 scrolls of teleportation.
  4133 | D:7      | 4133 ||| DRINKING 3 potions of heal wounds.
  4225 | D:7      | Noticed Pikel
  4226 | D:7      | 4226 ||| INVOKING Heroism.
  4242 | D:7      | Killed Pikel
  4243 | D:7      | Reached skill level 13 in Ranged Weapons
  4388 | D:7      | 4388 ||| INVOKING Heroism.
  4392 | D:7      | 4392 ||| Stepping ~*~*~tactically~*~*~ (outnumbered).
  4395 | D:7      | 4395 ||| Stepping ~*~*~tactically~*~*~ (outnumbered).
  4706 | D:7      | Reached skill level 3 in Fighting
  4853 | D:7      | 4853 ||| READING scroll labelled QYNGORA PINESI.
  4954 | D:7      | 4954 ||| READING scroll labelled PENLEA TISULA.
  4955 | D:7      | 4955 ||| DRINKING 2 metallic black potions.
  4956 | D:7      | 4956 ||| DROPPING potion of attraction.
  5015 | D:8      | 5015 ||| INVOKING Heroism.
  5017 | D:8      | Reached XP level 9. HP: 50/50 MP: 11/14
  5044 | D:8      | 5044 ||| INVOKING Heroism.
  5045 | D:8      | 5045 ||| Stepping ~*~*~tactically~*~*~ (outnumbered).
  5053 | D:8      | Reached skill level 14 in Ranged Weapons
  5055 | D:8      | 5055 ||| INVOKING Heroism.
  5266 | D:8      | 5266 ||| INVOKING Heroism.
  5269 | D:8      | HP: 11/50 [yak (7)]
  5270 | D:8      | 5270 ||| READING 5 scrolls of teleportation.
  5271 | D:8      | 5271 ||| DRINKING 3 potions of heal wounds.
  5273 | D:8      | Reached skill level 15 in Ranged Weapons
  5527 | D:8      | Reached *** piety under Okawaru
  5668 | D:8      | 5668 ||| READING scroll of enchant armour.
  5668 | D:8      | 5668 ||| ENCHANTING +1 helmet.
  5739 | D:8      | Noticed a two-headed ogre
  5740 | D:8      | 5740 ||| INVOKING Heroism.
  5744 | D:8      | Killed a two-headed ogre
  5745 | D:8      | Reached skill level 16 in Ranged Weapons
  5791 | D:8      | Found an opulent altar of Gozag.
  5806 | D:8      | Reached XP level 10. HP: 56/56 MP: 15/15
  5815 | D:8      | Reached **** piety under Okawaru
  5962 | D:8      | Reached skill level 6 in Dodging
  5970 | D:8      | Found a radiant altar of Vehumet.
  6036 | D:8      | Noticed a two-headed ogre
  6037 | D:8      | 6037 ||| INVOKING Heroism.
  6041 | D:8      | Killed a two-headed ogre
  6127 | D:8      | 6127 ||| READING 4 scrolls of identify.
  6127 | D:8      | 6127 ||| IDENTIFYING black potion
  6395 | D:9      | Paralysed by a hornet for 3 turns
  6398 | D:9      | 6398 ||| INVOKING Heroism.
  6398 | D:9      | HP: 11/56 [hornet (13)]
  6399 | D:9      | 6399 ||| READING 4 scrolls of teleportation.
  6400 | D:9      | 6400 ||| DRINKING 2 potions of heal wounds.
  6696 | D:9      | 6696 ||| INVOKING Heroism.
  7076 | D:9      | Found a staircase to the Lair.
  7097 | D:9      | Received a gift from Okawaru
  7098 | D:9      | Reached skill level 17 in Ranged Weapons
  7098 | D:9      | Reached skill level 6 in Invocations
  7101 | D:9      | 7101 ||| INVOKING Heroism.
  7222 | D:9      | Found a staircase to the Orcish Mines.
  7265 | D:9      | 7265 ||| INVOKING Heroism.
  7508 | D:9      | Found a stormy altar of Qazlal.
  7716 | D:9      | 7716 ||| PLANNING LAIR
  7716 | D:9      | 7716 ||| UPGRADING to +1 ring mail of poison resistance.
  7726 | D:9      | 7726 ||| READING scroll labelled BYFIKLORIE.
  7788 | Lair:1   | Entered Level 1 of the Lair of Beasts
  7788 | Lair:1   | Noticed a cane toad
  7789 | Lair:1   | 7789 ||| INVOKING Heroism.
  7794 | Lair:1   | Killed a cane toad
  7880 | Lair:1   | 7880 ||| INVOKING Heroism.
  7891 | Lair:1   | HP: 8/56 [blink frog (11)]
  7891 | Lair:1   | Slain by a blink frog

Levels and vault maps discovered:
D:1:      ldierk_walled_garden, layout_rooms
D:2:      layout_basic, basic_altar
D:3:      layout_loops_ring
D:4:      layout_loops_cross, lemuel_round_altar,
          minmay_temple_entry_drinking_statues, serial_shops,
          nicolae_shop_bloodbath_and_beyond
D:5:      layout_basic, nicolae_half_adder
D:6:      kennysheep_slugbush, layout_cave_pools, serial_shops,
          nicolae_shop_rolled_up, serial_rivers, chequers_serial_rivers_small_a,
          chequers_serial_rivers_micro_d, chequers_serial_rivers_micro_e,
          chequers_serial_rivers_micro_a, chequers_serial_rivers_micro_c
D:7:      layout_basic, kennysheep_small_spiral, uniq_pikel
D:8:      layout_basic, vehumet_altar_wand_db, grunt_gozag_statues,
          nicolae_grassy_gnolls
D:9:      layout_layer_cave, lemuel_coloured_pillars_altar, lair_entry_dummy,
          orc_0_dummy, lemuel_flamethrower_2
Temple:   hellmonk_temple_divided_pantheon
Lair:1:   layout_cave_pods, ebering_ghost_inner_flame, hibernation_bobbens,
          lemuel_fruit_tree, uniq_nergalle, uniq_gastronok, uniq_harold

Skill      XL: |  1  2  3  4  5  6  7  8  9 10 |
---------------+-------------------------------+-----
Ranged Weapons | 6 7 8 9 11 13 16 17 | 17.7
Fighting       | 2 3 4 |  4.0
Dodging        | 4 5 6 |  6.0
Invocations    | 2 4 7 |  7.4
Armour         | 1 2 |  2.1
Stealth        | |  1.2

Action                     |  1- 3 |  4- 6 |  7- 9 | 10-12 || total
---------------------------+-------+-------+-------+-------++-------
   Fire: Shortbow          |    45 |       |       |       ||    45
         Arbalest          |    66 |    82 |   213 |    92 ||   453
 Invoke: Heroism           |       |     1 |    10 |     7 ||    18
    Use: Scroll            |     2 |     3 |    10 |     3 ||    18
         Potion            |       |     3 |     3 |     1 ||     7
 Armour: Leather armour    |     1 |       |       |       ||     1
         Ring mail         |    10 |     9 |    27 |    15 ||    61
  Dodge: Dodged            |    19 |    10 |    46 |    32 ||   107

Table legend:
 A = Non-vault XP
 B = Vault XP
 C = Vault XP percentage of total XP
 D = Non-vault monster count
 E = Vault monster count
 F = Vault count percentage of total count
                 A         B        C        D         E       F
            +---------+---------+-------+---------+---------+-------
      Total |    9073 |     934 |   9.3 |     173 |      23 |  11.7
            +---------+---------+-------+---------+---------+-------
        D:1 |      38 |       0 |   0.0 |      21 |       0 |   0.0
        D:2 |      46 |       0 |   0.0 |      24 |       0 |   0.0
        D:3 |      29 |       0 |   0.0 |      15 |       0 |   0.0
        D:4 |     354 |       0 |   0.0 |      25 |       0 |   0.0
        D:5 |     419 |      65 |  13.4 |      12 |       5 |  29.4
        D:6 |     292 |      36 |  11.0 |       9 |       9 |  50.0
        D:7 |     801 |     641 |  44.5 |      18 |       1 |   5.3
        D:8 |    4104 |     192 |   4.5 |      28 |       8 |  22.2
        D:9 |    1977 |       0 |   0.0 |      17 |       0 |   0.0
     Lair:1 |    1013 |       0 |   0.0 |       4 |       0 |   0.0
            +---------+---------+-------+---------+---------+-------
